 Dungeon Crawl Stone Soup version 0.28.0-47-ge53b351184 (webtiles) character file.

Game seed: 4083796961012639375

5791 CryoSword the Cleaver (level 10, -9/51 HPs)
             Began as a Vine Stalker Chaos Knight on May 3, 2022.
             Was a Plaything of Xom.
             Mangled by an orc warlord
             ... wielding a +1 vorpal great sword
              (12 damage)
             ... in a bailey.
             The game lasted 00:18:53 (8461 turns).

CryoSword the Cleaver (Vine Stalker Chaos Knight)   Turns: 8461, Time: 00:19:00

Health: -9/51      AC: 12    Str: 19      XL:     10   Next: 79%
Magic:  0/17       EV: 10    Int: 18      God:    Xom [...*..]
Gold:   584        SH:  4    Dex:  9 (10) Spells: 18/18 levels left

rFire   . . .      SeeInvis .   w - +2 war axe (vorpal)
rCold   . . .      Faith    .   t - +0 buckler
rNeg    . . .      Spirit   +   E - +0 swamp dragon scales
rPois   +          Reflect  .   y - +0 helmet
rElec   .          Harm     .   m - +0 cloak
rCorr   .          Rampage  .   g - +0 pair of gloves
Will    +....                   c - +1 pair of boots
Stlth   ++........              d - amulet of magic regeneration
HPRegen 0.97/turn               u - +6 ring of intelligence
MPRegen 0.55/turn               (no ring)

@: no status effects
A: fangs 3, regeneration 1, magic shield, antimagic bite, no potion heal 2,
clumsy 2, deterioration 1, MP-powered wands
a: Renounce Religion


You were in a bailey.
You worshipped Xom.
You were a favourite toy of Xom.
You visited 1 branch of the dungeon, and saw 9 of its levels.
You also visited: Bailey.

You collected 687 gold pieces.
You spent 103 gold pieces at shops.

Inventory:

Hand Weapons
 a - a +0 scimitar of flaming
   (You took it off Maggie on level 7 of the Dungeon)
 w - a +2 vorpal war axe (weapon)
   (You took it off an orc on level 8 of the Dungeon)
 H - a +0 broad axe
   (You took it off an orc warrior in a bailey)
Missiles
 j - 2 poisoned darts (quivered)
 G - 3 boomerangs
Armour
 c - a +1 pair of boots (worn)
   (You found it on level 1 of the Dungeon)
 g - a +0 pair of gloves (worn)
   (You found it on level 2 of the Dungeon)
 m - a +0 cloak (worn)
   (You found it on level 3 of the Dungeon)
 t - a +0 buckler (worn)
   (You found it on level 4 of the Dungeon)
 y - a +0 helmet (worn)
   (You bought it in a shop on level 7 of the Dungeon)
 E - +0 swamp dragon scales (worn)
   (You took it off Maggie on level 7 of the Dungeon)
Jewellery
 d - an amulet of magic regeneration (around neck)
   (You found it on level 5 of the Dungeon)
 u - a +6 ring of intelligence (left hand)
   (You found it on level 6 of the Dungeon)
Wands
 p - a wand of paralysis (3)
   (You found it on level 4 of the Dungeon)
 x - a wand of iceblast (6)
   (You found it on level 6 of the Dungeon)
 C - a wand of digging (5)
   (You found it on level 7 of the Dungeon)
Scrolls
 e - 2 scrolls of summoning {unknown}
 f - 2 scrolls of fog {unknown}
 h - a scroll of silence {unknown}
 i - 4 scrolls of teleportation {@r4}
 k - 2 scrolls of immolation {unknown}
 l - 2 scrolls of noise {unknown}
 n - 3 scrolls of brand weapon {unknown}
 v - 2 scrolls of enchant weapon {unknown}
 B - 2 scrolls of holy word
 D - a scroll of magic mapping {unknown}
 I - a scroll of vulnerability {unknown}
 J - a scroll of blinking {unknown}
Potions
 b - 2 potions of flight
 o - a potion of attraction {!q}
 r - 2 potions of ambrosia {unknown}
 s - a potion of degeneration {unknown}
 z - 2 potions of curing {@q1}
 A - 2 potions of cancellation {unknown}
 F - a potion of brilliance {unknown}
 K - a potion of magic {unknown}


   Skills:
 - Level 5.2 Fighting
 - Level 6.1 Long Blades
 * Level 10.2 Axes
 - Level 1.5 Armour
 - Level 0.7 Dodging
 - Level 5.5 Stealth
 - Level 4.1 Shields
 - Level 4.5 Spellcasting


You had 18 spell levels left.
You didn't know any spells.
Your spell library contained the following spells:

 Spells                   Type           Power      Damage    Failure   Level
 Animate Skeleton         Necr           8%         N/A       32%         1
 Apportation              Tloc           8%         N/A       32%         1
 Magic Dart               Conj           16%        1d3       32%         1
 Sting                    Tmut/Pois      16%        1d3       32%         1
 Summon Small Mammal      Summ           16%        N/A       32%         1
 Blink                    Tloc           8%         N/A       43%         2
 Poisonous Vapours        Pois/Air       8%         N/A       43%         2
 Searing Ray              Conj           8%         2d4       43%         2
 Frozen Ramparts          Ice            8%         1d2       67%         3
 Lesser Beckoning         Tloc           4%         N/A       67%         3
 Spider Form              Tmut/Pois      4%         N/A       67%         3
 Fulminant Prism          Conj/Hex       2%         3d6       97%         4
 Ice Form                 Ice/Tmut       4%         N/A       97%         4
 Olgreb's Toxic Radiance  Pois           4%         N/A       97%         4
 Summon Ice Beast         Ice/Summ       4%         N/A       97%         4
 Disjunction              Tloc           2%         N/A       100%        8


Dungeon Overview and Level Annotations

Branches:
Dungeon (9/15)             Temple (0/1) D:7          Bailey (1/1)
   Lair: D:8-11         Orc: D:9-12

Altars:
Hepliaklqana
Nemelex Xobeh
Xom
Beogh

Shops:
D:7 [


Innate Abilities, Weirdness & Mutations

You have razor-sharp teeth.
Your natural rate of healing is unusually fast.
When hurt, damage is shared between your health and your magic reserves.
Your bite disrupts and absorbs the magic of your enemies.
Potions cannot restore your health.
You are very clumsy. (Dex -4)
Your body sometimes deteriorates upon taking damage.
You expend magic power (3 MP) to strengthen your wands.


Message History

Your ufetubus hits the orc warlord.
Your ufetubus barely misses the orc warlord.
Your ufetubus hits the orc warlord but does no damage.
Your ufetubus closely misses the orc warlord.
Your ufetubus hits the orc warlord but does no damage. x3
Your crimson imp hits the orc warlord but does no damage.
Your butterfly is engulfed in seething chaos.
Your ufetubus hits the orc warlord.
Your ufetubus barely misses the orc warlord.
Your quasit barely misses the orc warlord. x3
Your ufetubus hits the orc warlord but does no damage.
Your ufetubus completely misses the orc warlord.
Your ufetubus barely misses the orc warlord. x2
The orc warlord hits your ufetubus with a +1 vorpal great sword!!
Your ufetubus dies!
Your ufetubus disappears in a puff of smoke!
Your ufetubus hits the orc warlord.
Your ufetubus hits the orc warlord but does no damage.
Your quasit bites the orc warlord but does no damage.
Your quasit claws the orc warlord but does no damage.
Your quasit barely misses the orc warlord.
Your ufetubus hits the orc warlord.
Your ufetubus hits the orc warlord but does no damage.
Your crimson imp hits the orc warlord but does no damage.
Your ufetubus closely misses the orc warlord.
Your ufetubus barely misses the orc warlord. x2
Your ufetubus hits the orc warlord but does no damage.
The orc warlord completely misses your crimson imp.
Your ufetubus hits the orc warlord but does no damage. x3
Your ufetubus barely misses the orc warlord.
Your quasit bites the orc warlord but does no damage.
Your quasit claws the orc warlord but does no damage. x2
Your ufetubus hits the orc warlord.
Your ufetubus hits the orc warlord but does no damage.
Your crimson imp barely misses the orc warlord.
Your ufetubus completely misses the orc warlord.
Your ufetubus hits the orc warlord but does no damage.
Your ufetubus closely misses the orc warlord.
Your ufetubus hits the orc warlord but does no damage.
The orc warlord hits your crimson imp with a +1 vorpal great sword!!
Your crimson imp dies!
Your crimson imp degenerates into a cloud of primal chaos!
Your ufetubus hits the orc warlord but does no damage.
Your ufetubus closely misses the orc warlord.
Your quasit bites the orc warlord but does no damage.
Your quasit claws the orc warlord but does no damage.
Your quasit closely misses the orc warlord.
Your ufetubus hits the orc warlord but does no damage.
Your ufetubus misses the orc warlord. Your ufetubus hits the orc warlord.
Your ufetubus hits the orc warlord but does no damage.
Your ufetubus completely misses the orc warlord.
Your ufetubus hits the orc warlord.
Your quasit bites the orc warlord but does no damage.
Your quasit claws the orc warlord but does no damage.
Your quasit claws the orc warlord.
The orc warlord hits your quasit with a +1 vorpal great sword!!!
Your quasit dies!
Your quasit disappears in a puff of smoke!
Your ufetubus barely misses the orc warlord.
Your ufetubus hits the orc warlord but does no damage. x2
Your ufetubus barely misses the orc warlord.
Your ufetubus hits the orc warlord but does no damage. x2
Your ufetubus hits the orc warlord.
Your ufetubus hits the orc warlord but does no damage.
Your ufetubus closely misses the orc warlord.
Your ufetubus hits the orc warlord but does no damage. x3
Your ufetubus barely misses the orc warlord.
Your ufetubus hits the orc warlord but does no damage.
The orc warlord roars a battlecry!
The orc warrior goes into a battle-frenzy!
Your ufetubus closely misses the orc warlord.
Your ufetubus barely misses the orc warlord.
Your ufetubus hits the orc warlord but does no damage. x2
Your ufetubus barely misses the orc warlord.
Your ufetubus hits the orc warlord but does no damage.
Throw: 4 darts (poison)
Aim: an orc warrior, wielding a +0 war axe and wearing a +0 chain mail (strong, 52% to hit)
You throw a poisoned dart. The poisoned dart hits the orc warrior.
The orc warrior is poisoned.
Your ufetubus hits the orc warlord but does no damage.
Your ufetubus hits the orc warlord.
Your ufetubus barely misses the orc warlord.
Your ufetubus hits the orc warlord but does no damage. x2
Your ufetubus hits the orc warlord.
The orc warlord hits your ufetubus with a +1 vorpal great sword!
Your ufetubus dies!
Your ufetubus degenerates into a cloud of primal chaos!
Your ufetubus hits the orc warlord but does no damage.
Your ufetubus closely misses the orc warlord.
Your ufetubus hits the orc warlord.
Your ufetubus barely misses the orc warlord.
Throw: 3 darts (poison)
Aim: an orc warrior, wielding a +0 war axe and wearing a +0 chain mail (lightly wounded, strong, poisoned, 52% to hit)
You throw a poisoned dart. The poisoned dart hits the orc warrior.
The orc warrior looks even sicker.
The orc warlord looks more healthy.
Your ufetubus hits the orc warlord but does no damage.
Your ufetubus hits the orc warlord.
Your ufetubus hits the orc warlord but does no damage.
Your ufetubus hits the orc warlord.
Your ufetubus hits the orc warlord but does no damage.
Your ufetubus barely misses the orc warlord.
The orc warlord hits your ufetubus with a +1 vorpal great sword!!
Your ufetubus dies!
Your ufetubus disappears in a puff of smoke!
Your ufetubus closely misses the orc warlord.
Your ufetubus hits the orc warlord but does no damage.
Your ufetubus barely misses the orc warlord.
Your ufetubus hits the orc warlord but does no damage.
Your ufetubus hits the orc warlord but does no damage. x2
The orc warlord hits your ufetubus with a +1 vorpal great sword!!
Your ufetubus dies!
Your ufetubus disappears in a puff of smoke!
Your ufetubus hits the orc warlord.
Your ufetubus closely misses the orc warlord.
Your ufetubus hits the orc warlord but does no damage. x2
The orc warlord completely misses your ufetubus.
Your ufetubus hits the orc warlord but does no damage.
Your ufetubus barely misses the orc warlord.
Throw: 2 darts (poison)
Aim: an orc warlord, wielding a +1 vorpal great sword and wearing a +2 chain mail of willpower (severely wounded, ally target, 64% to hit)
Okay, then.
Throw: 2 darts (curare)
Aim: an orc warrior, wielding a +0 war axe and wearing a +0 chain mail (lightly wounded, strong, very poisoned, 52% to hit)
You throw a curare-tipped dart.
The curare-tipped dart barely misses the orc warrior.
Your butterfly disappears in a puff of smoke!
The orc warlord hits your ufetubus with a +1 vorpal great sword!!
Your ufetubus dies!
Your ufetubus disappears in a puff of smoke!
Throw: dart (curare)
Aim: an orc warrior, wielding a +0 war axe and wearing a +0 chain mail (lightly wounded, strong, very poisoned, 52% to hit)
You throw a curare-tipped dart.
The curare-tipped dart closely misses the orc warrior.
The orc warlord shouts!
Your butterfly disappears in a puff of smoke!
The orc warrior hits you with a +0 war axe.
* * * LOW HITPOINT WARNING * * *
"Over there now!"
The orc warlord blinks!
Your butterfly disappears in a puff of smoke!
The orc warlord hits you with a +1 vorpal great sword!!
* * * LOW HITPOINT WARNING * * *
x2
There is an open door, spattered with blood here.
Items here: ))))))) [[[[[[[ ÷÷÷.
Your butterfly disappears in a puff of smoke!
The orc warlord hits you with a +1 vorpal great sword!
You die...
Xom snickers!

.###o
###.###)....###♣♣♣....♣♣
##g
###.........##.......♣
##. g
#...........#.......♣
#..
#..........))........
'.. o
#.....⌠.....'..∩.∩..♣
#..g
#...........'.......♣
##.. g g
#...........#.......♣
##..
###.........##......♣♣
.###
###.###@....###♣.♣.....♣
...### ###....)#o#.###
♣♣♣♣..♣♣♣
.....###........o###
♣♣♣♣ ......#.....))....#
......#§..........#
⌠.....#.(...))....#
......§.((§(..§...#
......#...........#
.....###.........##


You could see an orc warlord and an orc warrior (strong, poisoned).

Vanquished Creatures
  An orc knight (Bailey)
  Maggie (D:7)
  A troll (D:8)
  2 steam dragons
  Edmund (D:6)
  A water moccasin (D:5)
  Duvessa (D:7)
  13 orc warriors
  2 ice beasts (D:7)
  2 necrophages
  An ogre (D:7)
  4 centaurs
  A kobold brigand (D:6)
  4 bullfrogs
  4 scorpions
  A water moccasin zombie (D:6)
  Dowan (D:7)
  6 killer bees (D:9)
  3 wights (D:8)
  3 hounds
  2 jellies
  2 orc priests (D:9)
  2 bullfrog zombies (D:6)
  A bullfrog skeleton (D:7)
  4 iguanas
  A scorpion zombie (D:5)
  Terence (D:3)
  2 hound skeletons
  6 adders
  16 gnolls
  A shadow imp (D:6)
  A white imp (D:7)
  A worm (D:3)
  4 dart slugs
  30 orcs
  7 bats
  8 endoplasms
  5 giant cockroaches
  22 goblins
  6 hobgoblins
  4 quokkas
  7 ball pythons
  3 frilled lizards
  6 kobolds
  3 rats
198 creatures vanquished.

Vanquished Creatures (collateral kills)
  An orc warrior (D:8)
  5 wights (D:8)
  An orc priest (D:8)
  15 orcs (D:8)
22 creatures vanquished.

Grand Total: 220 creatures vanquished

Notes
Turn   | Place    | Note
-------+----------+-------------------------------------------
     0 | D:1      | CryoSword the Vine Stalker Chaos Knight began the quest for
                  | the Orb.
     0 | D:1      | Reached XP level 1. HP: 11/11 MP: 2/2
    92 | D:1      | XOM: silly message
   100 | D:1      | Reached skill level 3 in Axes
   105 | D:1      | Reached XP level 2. HP: 14/16 MP: 3/3
   278 | D:1      | Noticed a great orb of eyes
   281 | D:1      | Found a faded altar of an unknown god.
   282 | D:1      | Noticed a shining eye
   282 | D:1      | Noticed an eye of devastation
   282 | D:1      | Noticed a great orb of eyes
   454 | D:1      | Reached XP level 3. HP: 19/19 MP: 4/4
   768 | D:2      | Found a hazy altar of Hepliaklqana.
   894 | D:2      | XOM: silly message
   938 | D:2      | Reached skill level 4 in Axes
   939 | D:2      | XOM: 4-stop teleportation journey
  1384 | D:3      | XOM: god gift: 38 gold pieces
  1403 | D:3      | XOM: divination: magic mapping
  1410 | D:3      | Gained mutation: Your natural rate of healing is unusually
                  | fast. [Vine Stalker growth]
  1410 | D:3      | Reached XP level 4. HP: 18/23 MP: 5/5
  1561 | D:3      | Noticed Terence
  1589 | D:3      | XOM: butterfly on damage
  1612 | D:3      | XOM: silly message
  1654 | D:3      | XOM: divination: detect items
  1679 | D:3      | XOM: 5-stop teleportation journey
  2132 | D:4      | XOM: 1-stop teleportation journey
  2230 | D:4      | Reached skill level 5 in Axes
  2264 | D:4      | Reached XP level 5. HP: 24/27 MP: 4/6
  2322 | D:4      | XOM: swap monsters
  2512 | D:4      | XOM: 7-stop teleportation journey
  2525 | D:4      | XOM: 1-stop teleportation journey
  2903 | D:4      | Found a sparkling altar of Nemelex Xobeh.
  3329 | D:3      | XOM: butterfly on damage
  3330 | D:3      | XOM: cast spell 'Summon Ice Beast'
  3378 | D:3      | Killed Terence
  3662 | D:4      | XOM: silly message
  3675 | D:5      | Entered Level 5 of the Dungeon
  3766 | D:5      | Reached XP level 6. HP: 32/32 MP: 6/8
  3800 | D:5      | Reached skill level 1 in Shields
  3800 | D:5      | Reached skill level 1 in Spellcasting
  3857 | D:5      | Noticed a water moccasin
  3865 | D:5      | Killed a water moccasin
  3866 | D:5      | Reached skill level 6 in Axes
  3965 | D:5      | Noticed a necrophage
  3967 | D:5      | XOM: 5-stop teleportation journey
  3983 | D:5      | Reached XP level 7. HP: 29/36 MP: 10/10
  4012 | D:5      | Reached skill level 1 in Stealth
  4152 | D:5      | XOM: enchant monster (bad)
  4163 | D:5      | XOM: confusion
  4163 | D:5      | XOM: smoke on damage
  4164 | D:5      | XOM: repel stairs
  4331 | D:5      | XOM: smoke on damage
  4540 | D:6      | XOM: swap monsters
  4553 | D:6      | XOM: give mutations
  4553 | D:6      | Gained mutation: You are clumsy. (Dex -2) [Xom's mischief]
  4553 | D:6      | Gained mutation: You are very clumsy. (Dex -4) [Xom's
                  | mischief]
  4553 | D:6      | Gained mutation: You occasionally shout uncontrollably at
                  | your foes. [Xom's mischief]
  4684 | D:6      | XOM: give mutations
  4684 | D:6      | Gained mutation: You frequently scream uncontrollably at
                  | your foes. [Xom's mischief]
  4684 | D:6      | Lost mutation: You frequently scream uncontrollably at your
                  | foes. [Xom's mischief]
  4694 | D:6      | XOM: 3-stop teleportation journey
  4743 | D:6      | Noticed Edmund
  4781 | D:6      | Killed Edmund
  4782 | D:6      | Gained mutation: You have razor-sharp teeth. [Vine Stalker
                  | growth]
  4782 | D:6      | Reached XP level 8. HP: 19/42 MP: 11/13
  4835 | D:6      | XOM: cast spell 'Disjunction'
  4837 | D:6      | XOM: confuse monster(s)
  4962 | D:6      | Reached skill level 7 in Axes
  5027 | D:6      | XOM: noise
  5127 | D:6      | XOM: 3-stop teleportation journey
  5146 | D:6      | XOM: give mutations
  5146 | D:6      | Gained mutation: You expend magic power (3 MP) to
                  | strengthen your wands. [Xom's mischief]
  5146 | D:6      | Gained mutation: Your body sometimes deteriorates upon
                  | taking damage. [Xom's mischief]
  5146 | D:6      | Lost mutation: You occasionally shout uncontrollably at
                  | your foes. [Xom's mischief]
  5208 | D:6      | XOM: noise
  5277 | D:6      | Got Loysemm's Grimoire of Displacement and Transmutation
  5579 | D:7      | Reached XP level 9. HP: 46/46 MP: 15/15
  5644 | D:7      | Noticed Duvessa
  5650 | D:7      | Noticed Dowan
  5666 | D:7      | Killed Duvessa
  5668 | D:7      | XOM: divination: magic mapping
  5676 | D:7      | XOM: chaos upgrade
  5677 | D:7      | Killed Dowan
  5726 | D:7      | Found a staircase to the Ecumenical Temple.
  5754 | D:7      | XOM: 8-stop teleportation journey
  5791 | D:7      | Found Vilar's Antique Armour Shoppe.
  5792 | D:7      | Noticed Maggie
  5817 | D:7      | Killed Maggie
  5818 | D:7      | Reached skill level 5 in Fighting
  5818 | D:7      | Reached skill level 8 in Axes
  5818 | D:7      | Reached skill level 5 in Stealth
  6174 | D:7      | XOM: noise
  6175 | D:7      | XOM: enchant monster (good)
  6185 | D:7      | XOM: smoke on damage
  6271 | D:7      | XOM: scenery: summon butterflies
  6274 | D:7      | Reached skill level 1 in Long Blades
  6294 | D:7      | XOM: god gift: great sword {god gift}
  6380 | D:7      | Bought a helmet for 103 gold pieces
  6542 | D:7      | XOM: scenery: summon butterflies
  6732 | D:8      | XOM: potion effect (haste)
  7104 | D:8      | Reached XP level 10. HP: 50/51 MP: 17/17
  7159 | D:8      | XOM: divination: magic mapping
  7251 | D:8      | Reached skill level 5 in Long Blades
  7564 | D:8      | XOM is BORED!
  7656 | D:9      | XOM: cast spell 'Death Channel'
  7684 | D:8      | XOM: god gift: 59 gold pieces
  7927 | D:9      | XOM: confuse monster(s)
  7929 | D:9      | XOM: potion effect (might)
  7957 | D:9      | XOM: scenery: create altars
  7966 | D:9      | Found a flagged portal.
  7979 | Bailey   | Entered a bailey
  8054 | Bailey   | XOM: divination: detect creatures
  8074 | Bailey   | Reached skill level 9 in Axes
  8136 | Bailey   | XOM: potion effect (brilliance)
  8163 | Bailey   | XOM: enchant monster (bad)
  8189 | Bailey   | XOM: scenery: 1 fountains blood, 1 doors close
  8204 | Bailey   | Noticed an orc knight
  8230 | Bailey   | XOM: potion effect (might)
  8243 | Bailey   | XOM: potion effect (magic)
  8247 | Bailey   | Killed an orc knight
  8248 | Bailey   | Reached skill level 10 in Axes
  8406 | Bailey   | Noticed an orc warlord
  8437 | Bailey   | XOM: summons 8 friendly demons
  8440 | Bailey   | XOM: summons 3 friendly demons
  8440 | Bailey   | XOM: butterfly on damage
  8440 | Bailey   | XOM: smoke on damage
  8459 | Bailey   | XOM: blink monster(s)
  8460 | Bailey   | HP: 2/51 [orc warlord/+1 vorpal great sword (3)]
  8461 | Bailey   | Mangled by an orc warlord

Illustrated notes

Levels and vault maps discovered:
D:1:      psy_arrival_radial01, layout_rooms,
          hellmonk_ecumenical_altar_watching_god, minmay_pentomino_x4
D:2:      layout_loops_cross, basic_altar
D:3:      layout_basic, uniq_terence
D:4:      layout_layer_cave, nemelex_dance_club_becter
D:5:      layout_loops_cross, amethyst_killhole
D:6:      kennysheep_spiral_hall, layout_layer_cave, uniq_edmund
D:7:      layout_basic, minmay_temple_entry_sparse_star, serial_shops,
          nicolae_shop_trees, columned_hall_lemuel, uniq_maggie, uniq_duvessa
D:8:      layout_loops_ring, special_room [special_room_orc],
          serial_co_window_serial, co_window_paths_b, co_window_paths_b,
          co_window_paths_b, co_window_corner_a, co_window_corner_a,
          co_window_broadway_b, co_window_cross_4, co_window_paths_c,
          co_window_broadway_c, co_window_corner_b, co_window_broadway_a,
          glass_columns_a, glass_columns_a, glass_columns_a, glass_columns_a,
          glass_columns_c
D:9:      layout_rooms, serial_shops, kennysheep_mini_moat,
          nicolae_shop_hallway_plus, shop, shop_statue, enter_bailey_3
Bailey:   bailey_axe_minmay_hex_keep, bailey

Skill      XL: |  1  2  3  4  5  6  7  8  9 10 |
---------------+-------------------------------+-----
Axes           | 3 4 5 6 7 8 10 | 10.2
Fighting       | 3 4 5 |  5.2
Shields        | 1 2 3 4 |  4.1
Spellcasting   | 1 2 3 4 |  4.5
Stealth        | 2 4 5 |  5.5
Long Blades    | 4 6 |  6.1
Armour         | |  1.5
Dodging        | |  0.7

Action                   |  1- 3 |  4- 6 |  7- 9 | 10-12 || total
-------------------------+-------+-------+-------+-------++-------
Melee: Hand axe          |    78 |   198 |   202 |       ||   478
       Bite              |    16 |    56 |    94 |    59 ||   225
       Punch             |       |     2 |       |       ||     2
       Scimitar          |       |       |    89 |    52 ||   141
       War axe           |       |       |       |   153 ||   153
Throw: Dart              |       |       |     5 |     7 ||    12
Evoke: Wand              |       |       |     3 |     1 ||     4
  Use: Scroll            |       |     3 |     4 |       ||     7
       Potion            |       |     1 |     3 |       ||     4
 Stab: Confused          |       |     1 |     1 |     1 ||     3
       Paralysed         |       |     1 |    11 |     2 ||    14
       Petrified         |       |       |     5 |       ||     5
       Sleeping          |       |       |     3 |       ||     3
Armor: Leather armour    |    40 |       |     1 |       ||    41
       Ring mail         |    11 |    56 |       |       ||    67
       Scale mail        |       |    15 |    76 |       ||    91
       Swamp dragon scal |       |       |    32 |    87 ||   119
Dodge: Dodged            |    57 |    71 |   133 |   105 ||   366
Block: Buckler           |       |     8 |    58 |    51 ||   117
